 Dungeon Crawl Stone Soup version 0.16-a0-3178-g2c88c44 (webtiles) character file.

4071 Johnny the Quickloader (level 10, 0/76 HPs)
             Began as a Human Hunter on Dec 17, 2014.
             Slain by a wolf (3 damage)
             ... led by Grum
             ... on level 8 of the Dungeon.
             The game lasted 00:18:37 (8553 turns).

Johnny the Quickloader (Human Hunter)               Turns: 8553, Time: 00:18:37

Health: 0/76       AC: 11    Str: 13    XL:     10   Next: 49%
Magic:  0/10       EV: 17    Int: 11    God:
Gold:   277        SH:  0    Dex: 17    Spells: 0 memorised, 9 levels left

rFire  . . .     SeeInvis .     j - +3 quarterstaff (protect)
rCold  . . .     Clarity  .     d - +0 leather armour
rNeg   . . .     SustAb   .     (no shield)
rPois  .         Gourm    .     a - +0 helmet
rElec  .         Spirit   +     G - +0 cloak
rCorr  .         Warding  .     (no gloves)
rMut   .         Stasis   .     (no boots)
MR     +....                    k - amulet of guardian spirit
Stlth  ++........               (no ring)
                                o - ring of protection from magic

@: somewhat resistant to hostile enchantments, unstealthy
A: no striking features
a: no special abilities


You were on level 8 of the Dungeon.
You were near starving.

You visited 1 branch of the dungeon, and saw 9 of its levels.

You collected 277 gold pieces.

Inventory:

Hand weapons
 b - a +1 hand crossbow
 h - a +6 dagger
 i - a cursed -3 mace
 j - a +3 quarterstaff of protection (weapon)
 l - a +0 falchion of holy wrath
 n - a +3 short sword
 r - a +3 halberd
 s - a +3 dire flail
 D - a +0 whip of pain
 J - the +5 trident "Ibuiq" {pierce, Int+2}
   (You found it on level 6 of the Dungeon)

   It inflicts extra damage upon your enemies.
   It affects your intelligence (+2).
Armour
 a - a +0 helmet (worn)
 d - a +0 leather armour (worn)
 G - a +0 cloak (worn)
Jewellery
 c - an uncursed amulet of warding {unknown}
 k - an amulet of guardian spirit (around neck)
 o - a ring of protection from magic (left hand)
 z - an uncursed amulet of resist mutation {unknown}
Magical devices
 v - a wand of frost (8)
 w - a wand of disintegration (0)
 F - a wand of fire (0)
Scrolls
 m - 3 scrolls of fog
 B - 2 scrolls of enchant armour
 I - a scroll of fear
 K - a scroll of magic mapping {unknown}
 L - a scroll of blinking
Potions
 g - 2 potions of brilliance
 p - a potion of cancellation
 q - 2 potions of restore abilities
 C - a potion of resistance
Books
 e - a book of Power

   Spells                             Type                      Level
   a - Fulminant Prism                Conjuration/Hexes            4
   b - Iskenderun's Mystic Blast      Conjuration                  4
   c - Venom Bolt                     Conjuration/Poison           5
   d - Bolt of Magma                  Conjuration/Fire/Earth       5
   e - Iron Shot                      Conjuration/Earth            6
   f - Orb of Destruction             Conjuration                  7
   g - Spellforged Servitor           Conjuration/Summoning        7
 H - a book of Summonings

   Spells                             Type                      Level
   a - Abjuration                     Summoning                    3
   b - Recall                         Summoning/Translocation      3
   c - Shadow Creatures               Summoning                    5
   d - Summon Demon                   Summoning                    5
   e - Summon Forest                  Summoning/Translocation      5
   f - Monstrous Menagerie            Summoning                    6
Comestibles
 f - 12 bread rations
 t - a meat ration
 x - a beef jerky
 A - 2 chunks of flesh


   Skills:
 + Level 5.8 Fighting
 + Level 10.4 Crossbows
 + Level 5.4 Armour
 + Level 7.7 Dodging
 - Level 1.0 Stealth


You had 9 spell levels left.
You didn't know any spells.

Dungeon Overview and Level Annotations

Branches:
Dungeon (9/15)               Lair (0/8) D:9
 Temple: D:4-7          Orc: D:9-12

Altars:
Dithmenos
Fedhas
Ru
The Shining One

Shops:
D:9 *

Annotations:
D:4 Pikel
D:5 Grinder
D:7 Johnny's ghost, experienced HuHu
D:8 Maurice


Message History

The wolf barely misses you. x2
You hit the wolf.
The wolf is severely wounded.
The wolf misses you. The wolf closely misses you.
You barely miss the wolf.
The wolf is severely wounded.
The wolf misses you. x2
You closely miss the wolf.
The wolf is severely wounded.
The wolf barely misses you. The wolf bites you but does no damage.
You hit the wolf but do no damage.
The wolf is severely wounded.
The wolf bites you!
* * * LOW HITPOINT WARNING * * *
The wolf closely misses you.
You are near starving!
You closely miss the wolf.
The wolf is severely wounded.
The wolf bites you.
You die...

.......#........#
#..##
......####..##...
##.# ....### ..#
.. ##.# ...# #
#.## #..## ..
#..####...#
#..##...$.#
#.....###.....
##h##### ...#
###@## .....
#...# #.. ####.#
# #.# #.# ##


You could see a wolf.

Vanquished Creatures
  The ghost of hhkb the Transmogrifier, an experienced OpTm of Qazlal (D:8)
  An elephant (D:8)
  Joseph (D:7)
  A spriggan (D:8)
  Eustachio (D:7)
  Grum (D:8)
  A water moccasin (D:7)
  2 wolves
  An orc warrior (D:6)
  A black bear (D:7)
  An ogre (D:5)
  A necrophage (D:7)
  2 centaurs
  Duvessa (D:7)
  A big kobold (D:9)
  7 giant frogs
  3 wights (D:7)
  A goliath beetle (D:8)
  3 crimson imps
  Dowan (D:7)
  A centaur zombie (D:6)
  Crazy Yiuf (D:7)
  5 orc priests
  2 worker ants
  2 iguanas
  4 orc wizards
  A sheep (D:9)
  A hound zombie (D:6)
  18 adders
  4 gnolls (D:6)
  A shadow imp (D:7)
  3 worms
  An adder zombie (D:6)
  An adder skeleton (D:6)
  3 giant geckos
  An ooze (D:1)
  23 orcs
  A bat skeleton (D:6)
  13 hobgoblins
  8 jackals
  12 kobolds
  14 bats
  8 giant newts
  8 goblins
  A quokka (D:6)
  A quokka skeleton (D:4)
  15 rats
185 creatures vanquished.

Vanquished Creatures (others)
  A quokka (D:5)
1 creature vanquished.

Grand Total: 186 creatures vanquished

Notes
Turn   | Place    | Note
--------------------------------------------------------------
     0 | D:1      | Johnny, the Human Hunter, began the quest for the Orb.
     0 | D:1      | Reached XP level 1. HP: 16/16 MP: 1/1
   106 | D:1      | Reached XP level 2. HP: 22/22 MP: 2/2
   389 | D:1      | Reached XP level 3. HP: 27/27 MP: 3/3
   995 | D:2      | Reached skill level 5 in Crossbows
   995 | D:2      | Reached XP level 4. HP: 30/33 MP: 2/4
  1290 | D:2      | Found a glowing golden altar of the Shining One.
  1624 | D:3      | Reached XP level 5. HP: 38/38 MP: 5/5
  1741 | D:3      | Found a sacrificial altar of Ru.
  1790 | D:3      | Reached skill level 6 in Crossbows
  1983 | D:3      | Reached XP level 6. HP: 44/44 MP: 6/6
  2137 | D:3      | Found a blossoming altar of Fedhas.
  2142 | D:3      | Found a shadowy altar of Dithmenos.
  2697 | D:4      | Found a shadowy altar of Dithmenos.
  2862 | D:4      | Noticed a slave
  2864 | D:4      | Noticed Pikel
  2866 | D:4      | Noticed a slave
  2872 | D:4      | Noticed a slave
  2883 | D:4      | Noticed a slave
  3504 | D:5      | Entered Level 5 of the Dungeon
  3560 | D:5      | Reached XP level 7. HP: 50/50 MP: 7/7
  3581 | D:5      | Noticed Grinder
  3583 | D:5      | Paralysed by Grinder for 4 turns
  3624 | D:6      | Reached skill level 7 in Crossbows
  3909 | D:6      | Got an ancient trident
  3910 | D:6      | Identified the +5 trident "Ibuiq" {pierce, Int+2} (You found it on level 6 of the Dungeon)
  4403 | D:6      | Reached skill level 8 in Crossbows
  4403 | D:6      | Reached XP level 8. HP: 49/56 MP: 6/8
  4586 | D:6      | Reached skill level 5 in Dodging
  4968 | D:6      | Reached skill level 1 in Armour
  5241 | D:7      | Noticed Eustachio
  5262 | D:7      | Killed Eustachio
  5333 | D:7      | Reached XP level 9. HP: 47/64 MP: 7/9
  5559 | D:7      | Noticed Crazy Yiuf
  5684 | D:7      | Noticed Joseph
  5712 | D:7      | Killed Joseph
  5712 | D:7      | Reached skill level 9 in Crossbows
  6048 | D:7      | Killed Crazy Yiuf
  6441 | D:7      | Noticed Duvessa
  6448 | D:7      | Killed Duvessa
  6449 | D:7      | Noticed Dowan
  6887 | D:7      | Noticed Johnny's ghost (experienced HuHu)
  7070 | D:7      | Killed Dowan
  7140 | D:8      | Noticed Maurice
  7445 | D:8      | Reached skill level 10 in Crossbows
  7521 | D:8      | Noticed hhkb's ghost (experienced OpTm)
  7711 | D:8      | Killed hhkb's ghost
  7711 | D:8      | Reached skill level 5 in Fighting
  7711 | D:8      | Reached XP level 10. HP: 16/74 MP: 4/10
  7952 | D:8      | Noticed Grum
  8083 | D:9      | Reached skill level 5 in Armour
  8291 | D:9      | Found a staircase to the Lair.
  8295 | D:9      | Noticed an elephant
  8307 | D:9      | Found Plaloh's Assorted Antiques.
  8326 | D:8      | Killed an elephant
  8542 | D:8      | Killed Grum
  8552 | D:8      | HP: 2/76 [wolf[Grum] (5)]
  8553 | D:8      | Slain by a wolf

Action                   |  1- 3 |  4- 6 |  7- 9 | 10-12 || total
-------------------------+-------+-------+-------+-------++-------
Melee: Trident           |       |       |   184 |       ||   184
       Quarterstaff      |       |       |    22 |    85 ||   107
 Fire: Hand crossbow     |    71 |   164 |   183 |    30 ||   448
Evoke: Wand              |       |       |    14 |       ||    14
  Use: Scroll            |       |     1 |    13 |     2 ||    16
       Potion            |       |       |    11 |       ||    11
 Stab: Sleeping          |       |       |     3 |       ||     3
  Eat: Chunk             |       |     4 |     3 |     2 ||     9
       Royal jelly       |       |     1 |       |       ||     1
       Beef jerky        |       |     1 |       |       ||     1
       Meat ration       |       |       |     2 |       ||     2
